 Dungeon Crawl Stone Soup version 0.26.1-11-gd32895ea62 (webtiles) character file.

Game seed: 6321975736429601158

22409 Rediskos the Geomancer (level 12, -4/66 HPs)
             Began as a Deep Elf Earth Elementalist on Apr 21, 2021.
             Was a High Priest of Vehumet.
             Slain by a two-headed ogre
             ... wielding a +0 giant spiked club
              (11 damage)
             ... on level 13 of the Dungeon on Apr 22, 2021.
             The game lasted 01:16:14 (22658 turns).

Rediskos the Geomancer (DEEE)                      Turns: 22658, Time: 01:16:15

Health: -4/66      AC:  8    Str:  5    XL:     12   Next: 62%
Magic:  22/28      EV: 14    Int: 26    God:    Vehumet [*****.]
Gold:   252        SH:  0    Dex: 19    Spells: 5/31 levels left

rFire    . . .     SeeInvis .   t - +2 dagger (venom)
rCold    + . .     Faith    .   (no shield)
rNeg     . . .     Spirit   .   R - +0 troll leather armour
rPois    .         Reflect  .   z - +1 helmet
rElec    .         Harm     .   (no cloak)
rCorr    .         Rampage  .   w - +0 pair of gloves
Will     ++...                  J - +0 pair of boots of Foavod {Dex+4} (curse)
Stlth    +++.......             E - amulet of magic regeneration
HPRegen  0.61/turn              a - ring of willpower
MPRegen  0.46/turn              A - ring of protection from cold

@: no status effects
A: no striking features
a: Renounce Religion


You were on level 13 of the Dungeon.
You worshipped Vehumet.
Vehumet was extremely pleased with you.
You visited 2 branches of the dungeon, and saw 14 of its levels.

You collected 902 gold pieces.
You spent 650 gold pieces at shops.

Inventory:

Hand Weapons
 t - a +2 dagger of venom (weapon)
Missiles
 b - 330 stones
 g - 31 poisoned darts (quivered)
 n - 5 atropa-tipped darts
Armour
 w - a +0 pair of gloves (worn)
 z - a +1 helmet (worn)
 J - the cursed +0 pair of boots of Foavod (worn) {Dex+4}
   (You found it on level 8 of the Dungeon)

   It affects your dexterity (+4).
   It has a curse placed upon it.
 P - a +0 kite shield
 R - a +0 troll leather armour (worn)
Magical Staves
 K - an uncursed staff of fire
Jewellery
 a - a ring of willpower (left hand)
 y - an uncursed amulet of regeneration
 A - a ring of protection from cold (right hand)
 E - an amulet of magic regeneration (around neck)
Wands
 c - a wand of flame (21)
 H - a wand of random effects (14)
 O - a wand of digging (7)
Scrolls
 d - 11 scrolls of teleportation
 e - 2 scrolls of identify
 f - 2 scrolls of enchant armour
 i - a scroll of brand weapon
 k - 3 scrolls of amnesia
 l - 10 scrolls of remove curse
 m - 6 scrolls of enchant weapon
 C - 2 scrolls of holy word
 F - 2 scrolls of fear
 G - 2 scrolls of fog
 N - 4 scrolls of blinking
Potions
 h - 3 potions of haste
 q - 4 potions of heal wounds
 r - 2 potions of flight
 s - a potion of magic
 u - a potion of might
 v - 3 potions of curing
 x - a potion of cancellation
 B - a potion of attraction
 D - 2 potions of brilliance
 I - a potion of degeneration
 L - 2 potions of berserk rage
 M - a potion of lignification
Miscellaneous
 j - a box of beasts


   Skills:
 - Level 4.0 Fighting
 - Level 2.0 Short Blades
 - Level 5.0 Dodging
 - Level 6.0 Stealth
 + Level 4.9 Shields
 - Level 10.0 Spellcasting
 * Level 9.1 Conjurations
 - Level 11.0 Transmutations
 + Level 12.9 Earth Magic


You had 5 spell levels left.
You knew the following spells:

 Your Spells              Type           Power        Failure   Level
a - Shock                 Conj/Air       100%         1%          1
b - Stone Arrow           Conj/Erth      100%         1%          3
c - Passwall              Tmut/Erth      55%          1%          2
d - Petrify               Tmut/Erth      66%          1%          4
e - Lee's Rapid Deconstr  Erth           34%          1%          5
f - Iron Shot             Conj/Erth      31%          3%          6
g - Iskenderun's Battles  Conj           57%          1%          5

Your spell library contained the following spells:

 Spells                   Type           Power        Failure   Level
 Airstrike                Air            6%           19%         4
 Beastly Appendage        Tmut           100%         1%          1
 Foxfire                  Conj/Fire      100%         1%          1
 Sandblast                Erth           100%         1%          1
 Wereblood                Tmut           63%          1%          2
 Conjure Flame            Conj/Fire      36%          1%          3
 Spider Form              Tmut/Pois      20%          2%          3
 Blade Hands              Tmut           31%          2%          5
 Sticky Flame             Conj/Fire      36%          3%          4
 Bolt of Magma            Conj/Fire/Erth 25%          3%          5
 Leda's Liquefaction      Hex/Erth       23%          5%          4
 Inner Flame              Hex/Fire       13%          6%          3
 Ice Form                 Ice/Tmut       41%          8%          4
 Fireball                 Conj/Fire      18%          9%          5
 Summon Lightning Spire   Summ/Air       13%          58%         4
 Silence                  Hex/Air        6%           91%         5
 Summon Demon             Summ           6%           91%         5
 Summon Forest            Summ/Tloc      6%           91%         5
 Summon Mana Viper        Hex/Summ       13%          91%         5
 Statue Form              Tmut/Erth      44%          9%          6
 Orb of Destruction       Conj           28%          36%         7
 Conjure Ball Lightning   Conj/Air       18%          41%         6
 Spellforged Servitor     Conj/Summ      18%          90%         7
 Shadow Creatures         Summ           N/A          100%        6
 Summon Hydra             Summ           6%           100%        7
 Shatter                  Erth           34%          100%        9
 Tornado                  Air            6%           100%        9


Dungeon Overview and Level Annotations

Branches:
Dungeon (13/15)            Temple (1/1) D:4            Lair (0/6) D:11
    Orc (0/2) D:11
 Vaults: D:13-14

Altars:
Ashenzari
Cheibriados
Dithmenos
Elyvilon
Fedhas
Gozag
Hepliaklqana
Kikubaaqudgha
Makhleb
Nemelex Xobeh
Okawaru
Qazlal
Ru
Sif Muna
Trog
Uskayaw
Vehumet
Wu Jian
Xom
Yredelemnul
Zin
The Shining One

Shops:
D:5 :[=?!:   D:9 (

Portals:
Abyss: D:6

Annotations:
D:4 2 transporters
D:6 2 transporters, OdinFK's ghost, novice OpWz


Message History

A worker ant comes into view.
Something hits you but does no damage. The hound closely misses you.
Something hits you but does no damage. The hound bites you but does no damage.
The hound bites you. Something hits you!
A tengu warrior comes into view. It is wielding a +0 battleaxe.
The tengu warrior shouts!
Something hits you! Something barely misses you. Something hits you.
* * * LOW HITPOINT WARNING * * *
Something hits you.
* * * LOW HITPOINT WARNING * * *
A wyvern comes into view.
Something hits you but does no damage.
The wyvern hisses angrily.
There is a stone staircase leading up here.
Something hits you!
* * * LOW HITPOINT WARNING * * *
The two-headed ogre hits you with a +0 giant spiked club!
You die...

#.........
#.......### #
#.......####.#.##
#...###.O........
##...####.#.##.#
#...# #.# #
####...####.#.#
#...h.....#O#.##.#
#.@O.Q...........#
#)..l.......#.#....
####...............
....#.#.#.).......
##.......Q..#.....
#..#.###)..#..##Q
#....# .......#
##.#.# .......# #.
$..(##..


You could see a tengu warrior, a two-headed ogre (fast), a wyvern and a hound.

Vanquished Creatures
  A hydra (D:11)
  5 two-headed ogres
  Sonja (D:12)
  3 unseen horrors
  Pikel (D:5)
  2 ugly things
  3 cyclopes (D:11)
  9 trolls
  4 slime creatures (D:12)
  A wraith (D:10)
  2 shadows
  6 wyverns
  13 yaks
  A two-headed ogre zombie (D:11)
  3 swamp worms (D:9)
  Edmund (D:4)
  2 ice beasts
  A black bear (D:8)
  5 orc warriors
  6 phantoms
  4 sky beasts
  A necrophage (D:10)
  6 ogres
  4 centaurs
  4 lemures
  A big kobold (D:11)
  7 bullfrogs
  A gnoll sergeant (D:10)
  2 scorpions
  3 killer bees (D:8)
  9 wights
  7 howler monkeys
  A bullfrog zombie (D:5)
  3 centaur zombies
  6 hounds
  3 jellies
  3 centaur skeletons
  10 orc priests
  7 bullfrog skeletons
  A gnoll shaman (D:7)
  4 iguanas
  11 orc wizards
  7 worker ants
  A killer bee zombie (D:7)
  7 ogre zombies (D:11)
  2 worker ant zombies
  14 gnolls
  12 adders
  A shadow imp (D:10)
  4 white imps
  An ufetubus (D:8)
  An ooze (D:1)
  2 adder skeletons
  An adder zombie (D:6)
  4 worms
  2 dart slugs
  5 leopard geckos
  55 orcs
  7 bats
  13 giant cockroaches
  8 goblins
  6 hobgoblins
  11 jackals
  10 quokkas
  3 frilled lizards
  A giant cockroach zombie (D:6)
  A goblin skeleton (D:11)
  2 goblin zombies (D:11)
  2 hobgoblin skeletons (D:11)
  5 hobgoblin zombies (D:11)
  A jackal skeleton (D:5)
  A jackal zombie (D:6)
  11 kobolds
  A leopard gecko skeleton (D:4)
  An orc skeleton (D:11)
  14 orc zombies (D:11)
  A quokka skeleton (D:9)
  12 rats
398 creatures vanquished.

Vanquished Creatures (others)
  A black bear (D:6)
  An iguana (D:6)
  An adder (D:6)
  5 plants
8 creatures vanquished.

Grand Total: 406 creatures vanquished

Notes
Turn   | Place    | Note
-------+----------+-------------------------------------------
     0 | D:1      | Rediskos the Deep Elf Earth Elementalist began the quest
                  | for the Orb.
     0 | D:1      | Reached XP level 1. HP: 10/10 MP: 6/6
   351 | D:1      | Reached XP level 2. HP: 11/15 MP: 5/8
   427 | D:1      | Learned a level 2 spell: Passwall
   846 | D:1      | Reached XP level 3. HP: 7/19 MP: 7/10
  1447 | D:2      | Reached skill level 4 in Earth Magic
  1570 | D:2      | Reached XP level 4. HP: 24/24 MP: 9/12
  1607 | D:2      | Learned a level 3 spell: Stone Arrow
  2578 | D:3      | Reached skill level 1 in Conjurations
  2658 | D:3      | Reached XP level 5. HP: 25/28 MP: 8/13
  3401 | D:3      | Found a faded altar of an unknown god.
  3704 | D:4      | Reached skill level 5 in Earth Magic
  3798 | D:4      | Reached XP level 6. HP: 32/32 MP: 12/15
  3929 | D:4      | Found a staircase to the Ecumenical Temple.
  3935 | D:4      | Reached skill level 5 in Spellcasting
  3942 | Temple   | Entered the Ecumenical Temple
  4196 | Temple   | Became a worshipper of Vehumet
  4351 | D:4      | Noticed Edmund
  4474 | D:4      | Killed Edmund
  4912 | D:4      | Found a transporter.
  4942 | D:4      | Reached XP level 7. HP: 31/36 MP: 5/16
  5160 | D:4      | Reached skill level 6 in Earth Magic
  5397 | D:4      | Found a glowing golden altar of the Shining One.
  5534 | D:4      | Learned a level 4 spell: Petrify
  5540 | D:4      | Learned a level 5 spell: Lee's Rapid Deconstruction
  5604 | D:4      | Found a transporter.
  5822 | D:4      | Found a stormy altar of Qazlal.
  5840 | D:5      | Entered Level 5 of the Dungeon
  5847 | D:5      | Found a broken altar of Ashenzari.
  5929 | D:5      | Reached skill level 5 in Transmutations
  6051 | D:5      | Reached skill level 7 in Earth Magic
  6052 | D:5      | Reached * piety under Vehumet
  6052 | D:5      | Offered knowledge of Shock by Vehumet.
  6055 | D:5      | Learned a level 1 spell: Shock
  6171 | D:5      | Found Ucracyo's Book Emporium.
  6188 | D:5      | Found Qaci's Antique Armour Emporium.
  6406 | D:5      | Found Vahes's Distillery.
  6417 | D:5      | Bought a potion of heal wounds for 65 gold pieces
  6443 | D:5      | Found Sacsammo's Book Shoppe.
  6478 | D:5      | Found a sacrificial altar of Ru.
  6537 | D:5      | Found a blossoming altar of Fedhas.
  6637 | D:5      | Found Courr's Magic Scroll Boutique.
  6984 | D:5      | Found Puwiazui's Jewellery Shop.
  7261 | D:5      | Reached XP level 8. HP: 34/41 MP: 4/17
  7409 | D:5      | Found a shimmering blue altar of Sif Muna.
  7758 | D:6      | Noticed Pikel
  8323 | D:5      | Reached skill level 8 in Earth Magic
  8504 | D:5      | Killed Pikel
  8505 | D:5      | Reached skill level 9 in Earth Magic
  9325 | D:6      | Found a shimmering altar of Xom.
  9427 | D:6      | Reached XP level 9. HP: 45/45 MP: 8/18
  9640 | D:6      | Found a transporter.
  9692 | D:6      | Noticed an ancient zyme
  9716 | D:6      | Found a one-way gate to the infinite horrors of the Abyss.
  9716 | D:6      | Noticed OdinFK's ghost (novice OpWz)
  9748 | D:6      | Found a transporter.
 10022 | D:6      | Found a sparkling altar of Nemelex Xobeh.
 10022 | D:6      | Found a shimmering blue altar of Sif Muna.
 10023 | D:6      | Found a shadowy altar of Dithmenos.
 10024 | D:6      | Found a hazy altar of Hepliaklqana.
 10026 | D:6      | Found a hide-covered altar of Uskayaw.
 10261 | D:6      | Reached ** piety under Vehumet
 10283 | D:7      | Offered knowledge of Freeze by Vehumet.
 11596 | D:7      | Found a bloodstained altar of Trog.
 11866 | D:8      | Noticed a two-headed ogre
 11879 | D:8      | HP: 1/45 [two-headed ogre/+0 giant spiked club (11)]
 12280 | D:8      | Reached skill level 1 in Short Blades
 12492 | D:8      | Reached skill level 10 in Earth Magic
 12764 | D:8      | Killed a two-headed ogre
 12765 | D:8      | Reached skill level 5 in Stealth
 13506 | D:8      | Noticed a troll
 13518 | D:8      | Killed a troll
 13519 | D:8      | Reached XP level 10. HP: 50/50 MP: 15/19
 13583 | D:8      | Offered knowledge of Static Discharge by Vehumet.
 13928 | D:8      | Got a pair of masterwork boots
 13934 | D:8      | Identified the cursed +0 pair of boots of Foavod {Dex+4}
                  | (You found it on level 8 of the Dungeon)
 14689 | D:8      | Reached skill level 10 in Transmutations
 14689 | D:8      | Reached skill level 11 in Earth Magic
 15502 | D:9      | Reached *** piety under Vehumet
 15591 | D:9      | Noticed a two-headed ogre
 15639 | D:9      | Killed a two-headed ogre
 15894 | D:9      | Found a white marble altar of Elyvilon.
 15934 | D:9      | Found Texuuron's Antique Weapon Emporium.
 16016 | D:9      | HP: 2/50 [swamp worm (7)]
 16585 | D:10     | Entered Level 10 of the Dungeon
 17071 | D:10     | Reached skill level 5 in Dodging
 17143 | D:10     | Reached skill level 1 in Fighting
 17219 | D:10     | Killed an unseen horror
 17431 | D:10     | Offered knowledge of Frozen Ramparts by Vehumet.
 17432 | D:10     | Reached XP level 11. HP: 57/57 MP: 16/22
 18242 | D:10     | Killed an unseen horror
 18386 | D:10     | Found a shadowy altar of Dithmenos.
 18724 | D:11     | Reached **** piety under Vehumet
 18944 | D:11     | Reached skill level 1 in Shields
 18944 | D:11     | Offered knowledge of Yara's Violent Unravelling by Vehumet.
 19170 | D:11     | Killed an unseen horror
 19798 | D:5      | Bought a book of Power for 585 gold pieces
 19806 | D:5      | Learned a level 6 spell: Iron Shot
 20032 | D:11     | Found a staircase to the Lair.
 20053 | D:11     | Reached skill level 10 in Spellcasting
 20132 | D:11     | Reached ***** piety under Vehumet
 20174 | D:11     | Offered knowledge of Airstrike by Vehumet.
 20216 | D:11     | Noticed a seven-headed hydra
 20475 | D:11     | Found a staircase to the Orcish Mines.
 20541 | D:11     | Killed a seven-headed hydra
 20542 | D:11     | Reached skill level 5 in Conjurations
 20542 | D:11     | Reached skill level 12 in Earth Magic
 20845 | D:11     | Found a hide-covered altar of Uskayaw.
 20987 | D:11     | Reached XP level 12. HP: 66/66 MP: 5/28
 21371 | D:12     | Noticed a two-headed ogre
 21387 | D:12     | Killed a two-headed ogre
 22176 | D:12     | Noticed Sonja
 22180 | D:12     | Killed Sonja
 22551 | D:12     | Learned a level 5 spell: Iskenderun's Battlesphere
 22566 | D:13     | Noticed a two-headed ogre
 22632 | D:13     | Noticed a two-headed ogre
 22635 | D:13     | Noticed a two-headed ogre
 22636 | D:13     | Killed a two-headed ogre
 22637 | D:13     | Noticed an ogre mage
 22639 | D:13     | Killed a two-headed ogre
 22640 | D:13     | Noticed a two-headed ogre
 22643 | D:13     | Noticed a tengu warrior
 22653 | D:13     | Noticed a tengu warrior
 22658 | D:13     | Slain by a two-headed ogre

Illustrated notes

Levels and vault maps discovered:
D:1:      tarquinn_simple_flora_water_a, layout_basic, minmay_misc_feat_tiny
D:2:      layout_loops_cross, st_stairs_11
D:3:      layout_basic, chequers_ecumenical_altar_grove,
          cheibrodos_sewer_entry_bend, minmay_distorted
D:4:      gammafunk_cloud_chamber, layout_basic, lemuel_round_altar,
          tso_metal_star, minmay_temple_entry_grid,
          amcnicky_mini_corridor_feature, uniq_edmund
D:5:      layout_basic, lemuel_coloured_pillars_altar, ashenzari_altar_1,
          kennysheep_little_box, serial_shops, shop, shop, shop, shop_statue,
          shop, minmay_shop_grid_forest, led_sif_pool
D:6:      layout_rooms, xom_confusion_cloud, minitemple,
          gammafunk_ghost_abyssal_escape, uniq_pikel
D:7:      layout_loops_ring, lightli_temple_of_fire
D:8:      layout_loops_cross, serial_co_window_serial, co_window_paths_b,
          co_window_corner_a, co_window_corner_a, co_window_of_opportunity_a,
          co_window_paths_a, co_window_of_opportunity_c, co_window_cross_2,
          co_window_paths_c, co_window_paths_c, co_window_paths_c,
          co_window_unsneaky_path_e, co_window_paths_e, co_window_4corner_b,
          glass_columns_b
D:9:      layout_loops_cross, marbit_many_paths, serial_shops, shop,
          worms_lemuel
D:10:     layout_roguey, chequers_serial_rivers_room_a, hangedman_decor_growths,
          grunt_dithmenos_shadows
D:11:     layout_loops_ring, lair_entry_dummy, zombieorc2_lemuel, basic_altar
D:12:     layout_roguey, uniq_sonja
D:13:     layout_loops_ring, david_vaults_2, serial_shops,
          nicolae_shop_waterfront, moated_statue
Temple:   jpeg_temple_island

Skill      XL: |  1  2  3  4  5  6  7  8  9 10 11 12 |
---------------+-------------------------------------+-----
Dodging        | 3 5 |  5.0
Transmutations | 2 3 5 7 9 11 | 11.0
Spellcasting   | 4 5 6 10 | 10.0
Earth Magic    | 4 5 7 9 10 11 12 | 12.9
Conjurations   | 1 2 3 4 6 9 |  9.1
Stealth        | 5 6 |  6.0
Short Blades   | 2 |  2.0
Fighting       | 2 4 |  4.0
Shields        | 3 4 |  4.9

Action                   |  1- 3 |  4- 6 |  7- 9 | 10-12 || total
-------------------------+-------+-------+-------+-------++-------
Melee: Mace              |     5 |    27 |       |       ||    32
       Dagger            |       |    22 |    60 |    88 ||   170
Throw: Dart              |       |    46 |     2 |       ||    48
 Cast: Sandblast         |    47 |    72 |     6 |       ||   125
       Stone Arrow       |       |    14 |   148 |   314 ||   476
       Passwall          |       |     2 |       |       ||     2
       Shock             |       |       |   115 |    14 ||   129
       Petrify           |       |       |    21 |    42 ||    63
       Lee's Rapid Decon |       |       |     5 |    59 ||    64
       Iskenderun's Batt |       |       |       |     2 ||     2
  Use: Scroll            |       |       |    21 |     8 ||    29
 Stab: Petrified         |       |       |    29 |    13 ||    42
       Petrifying        |       |       |     1 |     4 ||     5
Armor: Robe              |     2 |    10 |     1 |       ||    13
       Leather armour    |       |       |    47 |    30 ||    77
       Troll leather arm |       |       |       |     8 ||     8
Dodge: Dodged            |    11 |    53 |    88 |   120 ||   272
Block: Kite shield       |       |       |       |    26 ||    26
